 Dungeon Crawl Stone Soup version 0.18.1-48-g4cf74bf (webtiles) character file.

444 Kisielow the Changer (level 7, 0/51 HPs)
             Began as a Merfolk Transmuter on Aug 30, 2016.
             Shot with an arrow by a centaur (14 damage)
             ... on level 5 of the Dungeon.
             The game lasted 00:09:57 (4862 turns).

Kisielow the Changer (Merfolk Transmuter)           Turns: 4862, Time: 00:09:57

Health: 0/51       AC:  2    Str: 10    XL:     7   Next: 3%
Magic:  7/10       EV: 22    Int: 15    God:
Gold:   225        SH:  0    Dex: 19    Spells: 2 memorised, 6 levels left

rFire  . . .     SeeInvis .       - Unarmed
rCold  + . .     Gourm    .     (armour currently unavailable)
rNeg   . . .     Faith    .     (shield currently unavailable)
rPois  x         Spirit   .     (helmet currently unavailable)
rElec  .         Dismiss  .     (cloak currently unavailable)
rCorr  .         Reflect  .     (gloves currently unavailable)
SustAt .         Harm     .     (boots currently unavailable)
MR     .....                    (no amulet)
Stlth  ++........               (no ring)
                                o - ring of protection from cold

@: spider-form (expiring), not resistant to hostile enchantments, unstealthy
A: (change form in water), (swift swim)
a: End Transformation


You were on level 5 of the Dungeon.
You were not hungry.
You were a venomous arachnid creature.
You visited 1 branch of the dungeon, and saw 5 of its levels.

You collected 225 gold pieces.

Inventory:

Missiles
 a - 82 arrows
Armour
 b - a +1 robe (melded)
 x - the +2 pair of gloves "Afoug" (melded) {Slay+4}
   (You found it on level 4 of the Dungeon)

   It affects your accuracy and damage with ranged weapons and melee attacks
   (+4).
Jewellery
 o - a ring of protection from cold (left front leg)
Scrolls
 f - a scroll of teleportation
 g - 2 scrolls of immolation
 j - 4 scrolls of blinking
 m - a scroll of identify
 p - 2 scrolls of enchant weapon
 w - a scroll of remove curse
Potions
 e - a potion of haste {unknown}
 h - a potion of heal wounds {unknown}
 i - a potion of berserk rage
 k - 2 potions of might
 n - a potion of ambrosia {unknown}
 u - a potion of agility {unknown}
 v - a potion of mutation {unknown}
Books
 c - a book of Changes

   Spells                             Type                      Level
   a - Beastly Appendage              Transmutation                1
   b - Sticks to Snakes               Transmutation                2
   c - Spider Form                    Transmutation/Poison         3
   d - Ice Form                       Ice/Transmutation            4
   e - Blade Hands                    Transmutation                5
Comestibles
 d - a bread ration
 l - 2 slices of pizza
 q - 3 meat rations


   Skills:
 + Level 2.4 Fighting
 + Level 4.0 Dodging
 * Level 5.8 Unarmed Combat
 - Level 2.0 Spellcasting
 - Level 6.3 Transmutations


You had 6 spell levels left.
You knew the following spells:

 Your Spells              Type           Power        Failure   Level  Hunger
a - Beastly Appendage     Trmt           ###...       8%          1    #......
q - Spider Form           Trmt/Pois      ##........   41%         3    ###....


Dungeon Overview and Level Annotations

Branches:
Dungeon (5/15)
 Temple: D:4-7

Altars:
Ashenzari
Cheibriados
Dithmenos
Elyvilon
Makhleb
Pakellas
Ru


Message History

Something hits you. Something shocks you. The centaur completely misses you.
You hit the centaur but do no damage.
The centaur looks even sicker.
The centaur is moderately wounded.
The centaur misses you. Something hits you. Something shocks you.
The centaur misses you. Something barely misses you.
The centaur completely misses you. The centaur completely misses you.
The centaur hits you!
* * * LOW HITPOINT WARNING * * *
Your transformation is almost over.
The centaur wields a shortbow.
The centaur shoots an arrow.
The arrow completely misses you.
You see here an arrow.
The centaur shoots an arrow.
You hit something.
Reactivating autopickup.
Your Dodging skill increases to level 4!
You have reached level 7!
You feel a bit more experienced.
The centaur shoots an arrow.
The arrow hits you!
You die...

.# #.### #
#...######## .##.
#.#.........
....#####.##########
###.......#
........#######
....##.........
###.##...#####.#
#.......(s...#
####..c####### #...#
#...# #...# #....
#.... .....#


You could see a centaur.

Vanquished Creatures
  A sky beast (D:5)
  A crimson imp (D:5)
  An orc priest (D:3)
  A giant frog skeleton (D:4)
  Jessica (D:3)
  A hound zombie (D:5)
  8 adders
  7 gnolls
  An ooze (D:2)
  An adder skeleton (D:4)
  2 worms (D:2)
  2 dart slugs
  5 giant geckos
  3 orcs (D:3)
  2 ball pythons
  6 bats
  2 giant cockroaches
  12 hobgoblins
  13 jackals
  8 kobolds
  A quokka (D:3)
  A giant gecko skeleton (D:4)
  3 giant newts
  7 goblins
  A quokka skeleton (D:4)
  8 rats
99 creatures vanquished.

Notes
Turn   | Place    | Note
--------------------------------------------------------------
     0 | D:1      | Kisielow the Merfolk Transmuter began the quest for the Orb.
     0 | D:1      | Reached XP level 1. HP: 15/15 MP: 3/3
   214 | D:1      | Reached XP level 2. HP: 21/21 MP: 3/5
   555 | D:1      | Reached XP level 3. HP: 3/26 MP: 6/6
   846 | D:1      | Learned a level 3 spell: Spider Form
   894 | D:1      | Reached skill level 3 in Transmutations
  1237 | D:2      | Found a shadowy altar of Dithmenos.
  1595 | D:2      | Found a white marble altar of Elyvilon.
  1812 | D:2      | Reached skill level 4 in Transmutations
  1867 | D:2      | Found an oddly glowing altar of Pakellas.
  1909 | D:2      | Reached XP level 4. HP: 28/32 MP: 7/7
  2124 | D:2      | Found a snail-covered altar of Cheibriados.
  2497 | D:2      | Found a burning altar of Makhleb.
  2497 | D:2      | Found a shattered altar of Ashenzari.
  2505 | D:2      | Reached skill level 5 in Transmutations
  2619 | D:2      | HP: 1/32 [poisoned by an adder]
  3018 | D:3      | Noticed Jessica
  3042 | D:2      | Reached XP level 5. HP: 32/37 MP: 3/8
  3095 | D:3      | Killed Jessica
  3279 | D:3      | Reached skill level 6 in Transmutations
  3361 | D:3      | Found a sacrificial altar of Ru.
  3675 | D:3      | Reached XP level 6. HP: 35/43 MP: 9/9
  3794 | D:3      | Reached skill level 5 in Unarmed Combat
  4655 | D:4      | Got a pair of jewelled gloves
  4661 | D:4      | Identified the +2 pair of gloves "Afoug" {Slay+4} (You found it on level 4 of the Dungeon)
  4770 | D:5      | Entered Level 5 of the Dungeon
  4845 | D:5      | Noticed a sky beast
  4862 | D:5      | Killed a sky beast
  4862 | D:5      | Reached XP level 7. HP: 14/51 MP: 7/10
  4862 | D:5      | Shot with an arrow by a centaur

Skill      XL: |  1  2  3  4  5  6 |
---------------+-------------------+-----
Unarmed Combat | 4 5 |  5.8
Transmutations | 4 5 6 |  6.3
Dodging        | 3 4 |  4.0
Fighting       | 2 |  2.4
Spellcasting   | |  2.0

Action                   |  1- 3 |  4- 6 |  7- 9 || total
-------------------------+-------+-------+-------++-------
Melee: Unarmed           |   129 |   197 |       ||   326
       Punch             |     2 |     4 |       ||     6
       Headbutt          |     5 |       |       ||     5
 Cast: Beastly Appendage |     4 |       |       ||     4
       Spider Form       |     2 |    13 |       ||    15
  Use: Scroll            |       |    11 |       ||    11
       Potion            |       |     2 |       ||     2
 Stab: Sleeping          |     1 |     2 |       ||     3
  Eat: Chunk             |     3 |    12 |       ||    15
Armor: Robe              |    17 |    25 |       ||    42
       Skin              |       |     2 |       ||     2
Dodge: Dodged            |    82 |   166 |       ||   248
